Map: Habitation Station LE (Void)

Players

fropez - Winner!

  • Race: Protoss Protoss
  • League: Gold
  • Spawn Location: 11:00

Mortock2015

  • Race: Terran Terran
  • League: Platinum
  • Spawn Location: 1:00

VOD

Have the link to the VOD?

Description

Time

  • Played on: Dec. 14, 2016, 11:51 a.m.
  • Length: 22:48
Show
View Real Time Build Order
Export as new Build Order

fropez Protoss - Winner!

Build Orders:  

Get SALT Encoding   

  12  0:01  Probe (Chrono Boost)  
  13  0:11  Probe (Chrono Boost)  
  14  0:19  Pylon  
  14  0:30  Probe (Chrono Boost)  
  15  0:41  Gateway  
  15  0:45  Probe (Chrono Boost)  
  16  0:56  Probe (Chrono Boost)  
  17  1:03  Assimilator  
  17  1:06  Probe (Chrono Boost)  
  18  1:14  Assimilator  
  18  1:17  Probe (Chrono Boost)  
  19  1:28  Probe (Chrono Boost)  
  19  1:30  Cybernetics Core  
  20  1:38  Probe (Chrono Boost)  
  20  1:39  Pylon  
  21  1:49  Probe (Chrono Boost)  
  21  1:51  Pylon  
  22  1:56  Gateway  
  22  1:58  Warp Gate  
  22  1:59  Probe (Chrono Boost)  
  23  2:08  Stalker  
  22  2:11  Probe (Chrono Boost)  
  25  2:21  Pylon  
  26  2:23  Probe (Chrono Boost)  
  26  2:34  Stalker  
  29  2:45  Probe (Chrono Boost)  
  29  2:50  Stalker  
  32  3:16  Stalker, Mothership Core (Chrono Boost)  
  35  3:24  Nexus  
  35  3:36  Probe (Chrono Boost)  
  36  3:45  Pylon  
  36  3:47  Pylon  
  34  4:10  Pylon  
  34  4:11  Probe (Chrono Boost)  
  34  4:18  Stalker x2  
  34  4:23  Probe (Chrono Boost)  
  39  4:25  Pylon  
  39  4:35  Pylon  
  28  4:54  Robotics Facility  
  24  5:47  Stalker  
  23  6:19  Observer  
  24  6:31  Probe (Chrono Boost)  
  23  6:59  Observer  
  23  7:00  Probe (Chrono Boost)  
  24  7:01  Probe (Chrono Boost)  
  25  7:13  Probe (Chrono Boost)  
  24  7:19  Probe (Chrono Boost)  
  25  7:25  Probe (Chrono Boost)  
  25  7:29  Probe (Chrono Boost)  
  24  7:40  Stalker  
  26  7:56  Probe (Chrono Boost), Assimilator  
  26  7:57  Probe (Chrono Boost)  
  28  8:02  Adept  
  30  8:14  Probe (Chrono Boost)  
  30  8:15  Probe (Chrono Boost)  
  32  8:25  Probe (Chrono Boost)  
  34  8:28  Probe (Chrono Boost)  
  34  8:35  Probe (Chrono Boost)  
  34  8:40  Probe (Chrono Boost)  
  36  8:46  Observer, Probe (Chrono Boost)  
  37  8:52  Probe (Chrono Boost)  
  39  8:57  Twilight Council  
  39  9:00  Gateway  
  39  9:09  Stalker x2  
  37  9:33  Stalker  
  37  10:08  Blink  
  37  10:25  Stalker  
  37  10:27  Probe (Chrono Boost)  
  41  10:28  Probe (Chrono Boost)  
  41  10:37  Pylon, Probe (Chrono Boost)  
  41  10:40  Probe (Chrono Boost)  
  43  10:52  Probe (Chrono Boost)  
  44  10:58  Zealot  
  44  10:59  Zealot  
  40  11:33  Stalker x3  
  45  12:07  Stalker x3  
  49  12:46  Stalker x2  
  49  13:37  Stalker  
  51  13:45  Probe x2 (Chrono Boost)  
  53  13:57  Probe x2 (Chrono Boost), Assimilator  
  53  14:01  Stalker x2  
  59  14:09  Probe x2 (Chrono Boost)  
  61  14:38  Stalker x3  
  61  14:56  Forge  
  61  14:59  Forge  
  61  15:02  Gateway  
  61  15:05  Pylon  
  61  15:08  Pylon  
  61  15:22  Stalker x3  
  67  15:30  Gateway  
  67  15:32  Gateway  
  67  15:33  Probe x2 (Chrono Boost)  
  67  15:34  Pylon  
  69  15:45  Probe (Chrono Boost)  
  70  16:05  Protoss Ground Weapons Level 1  
  70  16:10  Nexus  
  70  16:11  Protoss Ground Armor Level 1  
  70  16:15  Pylon  
  70  16:16  Assimilator  
  70  16:17  Probe x2 (Chrono Boost)  
  70  16:18  Assimilator  
  72  16:29  Probe (Chrono Boost)  
  73  16:39  Stalker x2  
  69  17:07  Stalker x4  
  75  17:15  Probe x2 (Chrono Boost)  
  77  17:26  Mothership Core (Chrono Boost)  
  77  17:27  Probe x2 (Chrono Boost)  
  81  17:31  Observer  
  82  17:39  Probe (Chrono Boost)  
  83  18:35  Stalker x4  
  83  18:38  Protoss Ground Armor Level 2, Protoss Ground Weapons Level 2  
  78  19:17  Stalker  
  78  19:18  Stalker x2  
  78  19:19  Stalker  
  78  19:20  Stalker x2  
  82  19:58  Probe (Chrono Boost)  
  82  19:59  Probe (Chrono Boost)  
  85  20:00  Probe (Chrono Boost)  
  85  20:07  Gateway x2  
  85  20:09  Probe (Chrono Boost), Gateway  
  85  20:12  Probe (Chrono Boost)  
  85  20:13  Gateway  
  88  20:14  Probe (Chrono Boost)  
  88  20:15  Gateway  
  88  20:16  Gateway  
  88  20:18  Gateway  
  88  20:19  Probe (Chrono Boost)  
  88  20:21  Gateway  
  89  20:24  Pylon, Probe (Chrono Boost)  
  89  20:27  Pylon  
  90  20:29  Pylon  
  90  20:35  Pylon  
  90  20:38  Pylon  
  92  20:43  Probe x2 (Chrono Boost)  
  92  21:00  Nexus  
  92  21:04  Assimilator  
  92  21:06  Assimilator  
  92  21:11  Pylon  
  92  21:17  Probe (Chrono Boost)  
  95  21:19  Probe x2 (Chrono Boost)  
  95  21:28  Probe (Chrono Boost)  
  95  21:31  Probe x2 (Chrono Boost)  
  98  21:38  Nexus, Probe (Chrono Boost)  
  99  21:40  Pylon  
  99  21:43  Probe x2 (Chrono Boost)  
  101  21:49  Probe (Chrono Boost)  
  104  21:55  Probe x2 (Chrono Boost)  
  104  21:58  Nexus  
  104  21:59  Probe (Chrono Boost)  
  105  22:11  Probe (Chrono Boost)  
  105  22:12  Probe (Chrono Boost)  
  107  22:18  Observer  
  108  22:29  Robotics Bay  
  108  22:31  Dark Shrine  
Show
View Real Time Build Order
Export as new Build Order

Mortock2015 Terran 

Build Orders:  

Get SALT Encoding   

  12  0:03  SCV  
  13  0:21  Refinery  
  13  0:28  Supply Depot  
  13  0:29  SCV  
  14  0:58  Barracks  
  14  1:06  Supply Depot  
  14  1:07  SCV  
  15  1:19  SCV  
  16  1:31  SCV  
  17  1:32  Refinery  
  17  1:43  SCV  
  17  1:46  Factory  
  18  1:50  Reaper  
  19  1:58  SCV  
  20  2:16  SCV  
  21  2:28  SCV  
  22  2:37  Starport  
  22  2:38  Widow Mine  
  22  2:40  SCV  
  24  3:06  Widow Mine  
  26  3:21  Medivac  
  26  3:23  Barracks  
  28  3:35  Widow Mine  
  29  3:50  Marine  
  30  3:59  Medivac  
  31  4:07  Marine  
  30  4:34  Factory Tech Lab  
  23  4:59  Engineering Bay  
  23  5:25  Planetary Fortress  
  23  5:32  Missile Turret  
  23  5:52  Missile Turret  
  22  6:10  Missile Turret  
  22  6:28  Supply Depot  
  22  6:50  SCV, Missile Turret  
  22  6:51  Supply Depot  
  23  7:02  SCV  
  22  7:13  Siege Tank  
  22  7:14  SCV  
  26  7:26  SCV  
  25  7:38  SCV  
  24  7:53  Siege Tank  
  27  8:02  Starport  
  27  8:14  Liberator  
  22  10:26  Liberator  
  22  10:40  Command Center  
  24  11:39  Refinery  
  24  11:45  Barracks  
  24  12:03  Refinery  
  21  12:33  Barracks  
  10  13:08  SCV  
  11  13:20  SCV  
  11  13:26  Starport Tech Lab  
  12  13:32  SCV  
  13  13:42  Barracks  
  13  13:45  SCV  
  14  13:57  SCV  
  15  14:04  Command Center  
  15  14:09  SCV  
  15  14:32  Reaper  
  16  14:49  SCV  
  16  14:52  Barracks  
  17  14:59  Refinery  
  17  15:01  SCV  
  17  15:04  Reaper  
  19  15:13  SCV  
  18  15:23  Refinery  
  18  15:25  SCV  
  19  15:33  Command Center  
  19  15:36  Marine  
  19  15:38  SCV  
  21  15:50  SCV  
  21  15:54  Marine  
  21  16:07  Barracks  
  21  16:08  SCV  
  22  16:12  Marine  
  23  16:20  SCV, Bunker  
  25  16:32  SCV  
  25  16:38  Marine  
  26  16:44  SCV  
  27  16:56  Marine  
  27  17:04  Marine  
  28  17:14  Marine  
  29  17:22  Marine  
  30  17:31  Refinery, Bunker  
  30  17:32  Marine  
  31  17:49  Marine  
  31  17:54  Refinery  
  31  17:56  Marine  
  28  18:06  Marine  
  29  18:14  Marine  
  29  18:24  Marine  
  27  18:32  Marine  
  28  18:42  Marine  
  29  18:49  Marine  
  27  19:03  Command Center  
  27  19:04  Command Center  
  2  20:37  Command Center  
  2  21:58  SCV  
  3  22:11  SCV  
  3  22:23  SCV  
  4  22:33  Refinery  
  4  22:35  SCV  
Tags
 
Add a new tag
Caveats
  • Supply blocks, unpowered buildings, or Contaminate may cause inaccurate times.
  • Supply counts are checked every 10 seconds.